Map: Automaton LE

Players

coprolalia - Winner!

  • Race: Protoss Protoss
  • League: Gold
  • Spawn Location: 3:00

Smileblind

  • Race: Protoss Protoss
  • League: Silver
  • Spawn Location: 9:00

VOD

Have the link to the VOD?

Description

Time

  • Played on: Jan. 16, 2019, 6:26 a.m.
  • Length: 2:33
Show
View Real Time Build Order
Export as new Build Order

coprolalia Protoss - Winner!

Build Orders: Double Forge 

Get SALT Encoding   

  1  0:00  Probe  
  12  0:06  Probe  
  14  0:17  Probe  
  15  0:35  Pylon  
  15  0:47  Pylon  
  15  0:53  Probe  
  16  1:05  Gateway, Probe  
  17  1:14  Forge  
  17  1:18  Probe  
  18  1:22  Forge  
  18  1:25  Assimilator  
  18  1:42  Assimilator  
  18  1:43  Probe  
  19  1:55  Probe  
  20  2:04  Zealot  
  20  2:06  Probe  
  21  2:14  Probe  
Show
View Real Time Build Order
Export as new Build Order

Smileblind Protoss 

Build Orders:  

Get SALT Encoding   

  12  0:13  Pylon  
  12  0:18  Probe  
  12  0:27  Probe  
  14  0:37  Probe  
  14  0:41  Forge  
  15  0:49  Probe  
  16  0:54  Pylon  
  16  1:04  Pylon  
  16  1:06  Probe  
  17  1:15  Probe  
  17  1:24  Photon Cannon  
  18  1:36  Pylon  
  18  1:37  Pylon  
  18  1:52  Pylon  
  18  1:57  Photon Cannon  
  18  2:04  Photon Cannon  
Tags
 
Matchup
PvP
Spawn Locations
Cross Positions
Add a new tag
Caveats
  • Supply blocks, unpowered buildings, or Contaminate may cause inaccurate times.
  • Supply counts are checked every 10 seconds.